 Dungeon Crawl Stone Soup version 0.29-a0-506-ga2e7fffb44 (webtiles) character file.

Game seed: 14252561352910003210

438 croobank the Covert (level 7, -4/59 HPs)
             Began as a Gnoll Delver on May 28, 2022.
             Was a Believer of Vehumet.
             Slain by an ogre
             ... wielding a +0 giant spiked club
              (36 damage)
             ... on level 5 of the Dungeon.
             The game lasted 00:17:14 (4811 turns).

croobank the Covert (Gnoll Delver)                  Turns: 4811, Time: 00:17:14

Health: -4/59      AC:  4    Str: 11    XL:     7   Next: 1%
Magic:  9/10       EV: 13    Int: 11    God:    Vehumet [**....]
Gold:   162        SH:  0    Dex: 14    Spells: 6/10 levels left

rFire   . . .      SeeInvis .   r - +1 dagger (elec)
rCold   . . .      Faith    .   (no shield)
rNeg    . . .      Spirit   .   b - +0 leather armour
rPois   .          Reflect  .   (no helmet)
rElec   .          Harm     .   (no cloak)
rCorr   .          Rampage  .   (no gloves)
Will    .....                   s - +0 pair of boots
Stlth   ++++......              (no amulet)
HPRegen 0.19/turn               (no ring)
MPRegen 0.12/turn               (no ring)

@: invisible
A: fangs 1, strong nose, distributed training
a: Renounce Religion


You were on level 5 of the Dungeon.
You worshipped Vehumet.
Vehumet was pleased with you.
You visited 1 branch of the dungeon, and saw 5 of its levels.

You collected 232 gold pieces.
You spent 70 gold pieces at shops.

Inventory:

Hand Weapons
 a - a +0 hand axe
 d - a +1 vampiric halberd
 h - a +0 club
 j - a +0 vorpal trident
 r - a +1 dagger of electrocution (weapon)
Missiles
 k - 165 stones (quivered)
 x - a boomerang
Armour
 b - a +0 leather armour (worn)
 n - a +0 chain mail
 p - a +0 ring mail
 s - a +0 pair of boots (worn)
Wands
 g - a wand of digging (10)
Scrolls
 c - 2 scrolls of fog
 u - 2 scrolls of immolation
 v - a scroll of poison
 y - a scroll of vulnerability {unknown}
 z - 2 scrolls of blinking
Potions
 e - a potion of ambrosia
 i - 5 potions of curing
 l - 3 potions of cancellation {unknown}
 m - a potion of degeneration {unknown}
 o - 2 potions of might {unknown}
 q - 2 potions of brilliance {unknown}
 w - a potion of attraction {unknown}


   Skills:
 + Level 6.9 Fighting
 + Level 2.2 Short Blades
 + Level 2.2 Long Blades
 + Level 5.1 Axes
 + Level 2.2 Maces & Flails
 + Level 2.2 Polearms
 + Level 2.2 Staves
 + Level 2.2 Slings
 + Level 2.2 Bows
 + Level 2.2 Crossbows
 + Level 2.2 Throwing
 + Level 2.2 Armour
 + Level 5.1 Dodging
 + Level 9.8 Stealth
 + Level 2.2 Shields
 + Level 2.2 Unarmed Combat
 + Level 2.2 Spellcasting
 + Level 1.8 Conjurations
 + Level 1.8 Hexes
 + Level 1.8 Summonings
 + Level 1.8 Necromancy
 + Level 1.8 Translocations
 + Level 1.8 Transmutations
 + Level 1.8 Fire Magic
 + Level 1.8 Ice Magic
 + Level 1.8 Air Magic
 + Level 1.8 Earth Magic
 + Level 1.8 Poison Magic
 + Level 2.4 Invocations
 + Level 2.2 Evocations


You had 6 spell levels left.
You knew the following spells:

 Your Spells              Type           Power      Damage    Failure   Level
a - Sandblast             Erth           10%        2d5       19%         1
b - Necrotize             Necr           20%        1d5       19%         1
c - Static Discharge      Conj/Air       5%         N/A       26%         2

Your spell library contained the following spells:

 Spells                   Type           Power      Damage    Failure   Level
 Magic Dart               Conj           20%        1d4       19%         1
 Shock                    Conj/Air       20%        1d4       19%         1
 Sting                    Tmut/Pois      20%        1d4       19%         1
 Summon Small Mammal      Summ           20%        N/A       19%         1
 Swiftness                Air            5%         N/A       47%         3
 Vampiric Draining        Necr           5%         2d6       47%         3
 Airstrike                Air            2%         N/A       87%         4
 Agony                    Necr           5%         N/A       99%         5


Dungeon Overview and Level Annotations

Branches:
Dungeon (5/15)
 Temple: D:4-7

Altars:
Fedhas
Sif Muna
Vehumet

Shops:
D:2 *


Innate Abilities, Weirdness & Mutations

You have very sharp teeth.
Your uncanny sense of smell can sniff out nearby items.
Your experience applies equally to all skills.


Message History

There is an open door here.
You closely miss the orc priest.
The orc priest is heavily wounded.
Your surroundings suddenly seem different.
Found a potion of curing.
i - 5 potions of curing (gained 1);
l - 3 fuming blue potions (gained 2)
A phantom comes into view.
An ogre comes into view. It is wielding a +0 giant spiked club.
You start resting.
HP restored.
An ogre is nearby!
Reach: d) +1 halberd (vamp)
Press: ? - help, Dir - move target, f - ogre
Aim: an ogre, wielding a +0 giant spiked club (wandering, hasn't noticed you, about 27% to evade your +1 vampiric halberd)
You reach to attack!
You catch the helpless ogre completely off-guard!
You hit the ogre.
The ogre is lightly wounded.
The ogre hits you with a +0 giant spiked club!!
Okay, then.
Okay, then.
Casting: Necrotize (safe; 19% risk of failure)
Confirm with . or Enter, or press ? or * to list all spells.
Aiming: Necrotize (safe; 19% risk of failure)
Press: ? - help, Shift-Dir - straight line, f/p - ogre
Aim: an ogre, wielding a +0 giant spiked club (lightly wounded, chance to affect: 50%)
The ogre writhes in agony.
The orc priest shouts!
The orc priest begins to cast a cantrip, but forgets the words!
Okay, then.
You fade into invisibility!
The ogre closely misses you.
You feel the dreadful sensation subside.
You hear the crackle of electricity.
r - a +1 dagger of electrocution (weapon)
You hit the ogre. Lightning courses through the ogre!!
The ogre is almost dead.
The ogre hits you with a +0 giant spiked club!!!
Ouch! That really hurt!
You die...

##########
#.@....o.# #####
#O######.# #....
#.######.#### #.#..
#.##........###.#.#
#.#..O.......W.....
#.#..###.#.####....
#........#.# #....
###.#..###.# ###.#
..#.# #.# #.#


You could see an ogre (can't see you) and an orc priest (can't see you).

Vanquished Creatures
  3 scorpions
  An iguana (D:4)
  An orc wizard (D:5)
  4 gnolls (D:2)
  6 adders
  A white imp (D:4)
  2 worms (D:3)
  2 dart slugs
  8 orcs
  12 ball pythons
  10 bats
  11 endoplasms
  6 giant cockroaches
  9 goblins
  7 hobgoblins
  6 quokkas
  2 frilled lizards (D:1)
  4 kobolds (D:1)
  6 rats
101 creatures vanquished.

Notes
Turn   | Place    | Note
-------+----------+-------------------------------------------
     0 | D:5      | Reached skill level 9 in Stealth
     0 | D:5      | croobank the Gnoll Delver began the quest for the Orb.
     0 | D:5      | Reached XP level 1. HP: 23/23 MP: 1/1
    42 | D:4      | Noticed an iguana
   119 | D:4      | Found a radiant altar of Vehumet.
   125 | D:4      | Became a worshipper of Vehumet
   182 | D:3      | Found a blossoming altar of Fedhas.
   185 | D:3      | Reached XP level 2. HP: 28/29 MP: 2/2
   656 | D:1      | Reached XP level 3. HP: 23/35 MP: 3/3
  1099 | D:1      | Reached * piety under Vehumet
  1099 | D:1      | Offered knowledge of Sandblast by Vehumet.
  1102 | D:1      | Learned a level 1 spell: Sandblast
  1139 | D:1      | Reached skill level 1 in Invocations
  1406 | D:1      | Reached skill level 1 in Short Blades
  1406 | D:1      | Reached skill level 1 in Long Blades
  1406 | D:1      | Reached skill level 1 in Maces & Flails
  1406 | D:1      | Reached skill level 1 in Polearms
  1406 | D:1      | Reached skill level 1 in Staves
  1406 | D:1      | Reached skill level 1 in Slings
  1406 | D:1      | Reached skill level 1 in Bows
  1406 | D:1      | Reached skill level 1 in Crossbows
  1406 | D:1      | Reached skill level 1 in Throwing
  1406 | D:1      | Reached skill level 1 in Armour
  1406 | D:1      | Reached skill level 1 in Shields
  1406 | D:1      | Reached skill level 1 in Unarmed Combat
  1406 | D:1      | Reached skill level 1 in Spellcasting
  1406 | D:1      | Reached skill level 1 in Evocations
  1482 | D:1      | Learned a level 1 spell: Necrotize
  1514 | D:1      | Found a faded altar of an unknown god.
  1588 | D:1      | Reached XP level 4. HP: 41/41 MP: 5/5
  2159 | D:2      | Found Pogithrai's General Store.
  2174 | D:2      | Reached skill level 1 in Conjurations
  2174 | D:2      | Reached skill level 1 in Hexes
  2174 | D:2      | Reached skill level 1 in Summonings
  2174 | D:2      | Reached skill level 1 in Necromancy
  2174 | D:2      | Reached skill level 1 in Translocations
  2174 | D:2      | Reached skill level 1 in Transmutations
  2174 | D:2      | Reached skill level 1 in Fire Magic
  2174 | D:2      | Reached skill level 1 in Ice Magic
  2174 | D:2      | Reached skill level 1 in Air Magic
  2174 | D:2      | Reached skill level 1 in Earth Magic
  2174 | D:2      | Reached skill level 1 in Poison Magic
  2308 | D:2      | Reached XP level 5. HP: 42/47 MP: 5/7
  2739 | D:2      | Bought a scroll of identify for 28 gold pieces
  2739 | D:2      | Bought a potion of curing for 42 gold pieces
  2951 | D:3      | Reached ** piety under Vehumet
  2951 | D:3      | Offered knowledge of Static Discharge by Vehumet.
  3970 | D:4      | Reached XP level 6. HP: 53/53 MP: 8/8
  3976 | D:4      | Learned a level 2 spell: Static Discharge
  4305 | D:4      | Found a shimmering blue altar of Sif Muna.
  4314 | D:4      | Got Sif Muna's Guide on Companions
  4316 | D:4      | Got Sif Muna's Handbook of Changing
  4318 | D:4      | Got Sif Muna's Handbook of Conjuration
  4526 | D:5      | Reached skill level 5 in Axes
  4526 | D:5      | Reached skill level 5 in Dodging
  4619 | D:5      | Reached XP level 7. HP: 29/59 MP: 10/10
  4811 | D:5      | Slain by an ogre

Illustrated notes

Levels and vault maps discovered:
D:1:      minmay_arrival_shoal_huts, layout_loops_corners,
          shapermc_ecumenical_altar_notcrosses, minmay_domino_4
D:2:      layout_loops_cross, serial_shops, nicolae_lakefront_shop
D:3:      layout_loops_cross, mainiacjoe_overflow_cross_hatched
D:4:      layout_rooms, old_standard_altar, nicolae_sif_muna_little_library,
          small_statue_intersection
D:5:      layout_loops_corners, mainiacjoe_overflow_catwalk,
          minmay_temple_entry_sparse_star, serial_shops, shop,
          kennysheep_flooded_box

Skill      XL: |  1  2  3  4  5  6 |
---------------+-------------------+-----
Stealth        | |  9.8
Invocations    | 1 2 |  2.4
Short Blades   | 1 2 |  2.2
Long Blades    | 1 2 |  2.2
Maces & Flails | 1 2 |  2.2
Polearms       | 1 2 |  2.2
Staves         | 1 2 |  2.2
Slings         | 1 2 |  2.2
Bows           | 1 2 |  2.2
Crossbows      | 1 2 |  2.2
Throwing       | 1 2 |  2.2
Armour         | 1 2 |  2.2
Shields        | 1 2 |  2.2
Unarmed Combat | 1 2 |  2.2
Spellcasting   | 1 2 |  2.2
Evocations     | 1 2 |  2.2
Conjurations   | 1 |  1.8
Hexes          | 1 |  1.8
Summonings     | 1 |  1.8
Necromancy     | 1 |  1.8
Translocations | 1 |  1.8
Transmutations | 1 |  1.8
Fire Magic     | 1 |  1.8
Ice Magic      | 1 |  1.8
Air Magic      | 1 |  1.8
Earth Magic    | 1 |  1.8
Poison Magic   | 1 |  1.8
Axes           | 5 |  5.1
Dodging        | 5 |  5.1
Fighting       | |  6.9

Action                   |  1- 3 |  4- 6 |  7- 9 || total
-------------------------+-------+-------+-------++-------
Melee: Hand axe          |    36 |       |       ||    36
       Punch             |     3 |     2 |       ||     5
       Trident           |    91 |    30 |       ||   121
       Bite              |     3 |     8 |       ||    11
       Halberd           |       |   155 |     2 ||   157
       Dagger            |       |       |     1 ||     1
 Cast: Sandblast         |     6 |     5 |       ||    11
       Necrotize         |       |     5 |     1 ||     6
       Static Discharge  |       |     1 |       ||     1
Evoke: Wand              |       |     1 |       ||     1
  Use: Scroll            |     5 |     7 |     1 ||    13
       Potion            |     1 |     1 |     1 ||     3
 Stab: Sleeping          |    23 |    18 |       ||    41
       Distracted        |       |     1 |     1 ||     2
Armor: Leather armour    |    23 |    37 |       ||    60
Dodge: Dodged            |    72 |   119 |     3 ||   194

Table legend: (Time is in decaauts)
 A = Elapsed time spent in this place.
 B = Non-inter-level travel time spent in this place.
 C = Inter-level travel time spent in this place.
 D = Time resting spent in this place.
 E = Time spent auto-exploring this place.
 F = Levels seen in this place.
 G = Mean time per level.
                   A        B        C        D        E       F      G
               +--------+--------+--------+--------+--------+-----+--------+
         Total |   4891 |   4679 |    212 |    586 |   2923 |   5 |  978.2 |
       Dungeon |   4891 |   4679 |    212 |    586 |   2923 |   5 |  978.2 |
               +--------+--------+--------+--------+--------+-----+--------+

Top non-repeatable levels by time:
     D:1: 1349 daAuts
     D:4: 1163 daAuts
     D:3: 1059 daAuts
     D:2: 976 daAuts
     D:5: 342 daAuts
